| TOP OF THE 1ST |
|
Altoona Curve batting - Pitching for San Antonio Missions : RHP John Mason
|
|
Pitching: RHP John Mason
|
|
|
Batting: RHB Terrence Wilson
|
0-0: Ball 1-0: Ball 2-0: Called Strike 2-1: Ball 3-1: Foul Ball, location: 2F 3-2: SINGLE (Line Drive, 78M, EV 100.0 MPH)
|
|
Batting: RHB Jaime Dubicki
|
0-0: Ball 1-0: Called Strike 1-1: Foul Ball, location: 2F 1-2: Strikes out swinging
|
|
Batting: LHB Carlos Vega
|
0-0: Called Strike 0-1: 2-RUN HOME RUN (Flyball, 89XD, EV 103.8 MPH), Distance : 404 ft
|
|
Batting: RHB Jeff Edwards
|
0-0: Ball 1-0: Called Strike 1-1: Called Strike 1-2: Strikes out swinging
|
|
Batting: SHB Ronnie Brooks
|
0-0: Ball 1-0: Ball 2-0: Ball 3-0: Called Strike 3-1: Fly out, F4 (Line Drive, 4, EV 69.4 MPH)
|
| Top of the 1st over - 2 runs, 2 hits, 0 errors, 0 left on base; Altoona 2 - San Antonio 0 |
| BOTTOM OF THE 1ST |
|
San Antonio Missions batting - Pitching for Altoona Curve : RHP Jeff Crescimanno
|
|
Pitching: RHP Jeff Crescimanno
|
|
|
Batting: LHB Pat Aviles
|
0-0: Ball 1-0: Foul Ball, location: 2F 1-1: Swinging Strike 1-2: Foul Ball, location: 2F 1-2: Ball 2-2: SINGLE (Groundball, 15S, EV 73.1 MPH) (infield hit)
|
|
Batting: RHB Kory Sanchez
|
0-0: SINGLE (Line Drive, 9S, EV 90.0 MPH) Pat Aviles to second Pat Aviles to third
|
|
Batting: RHB Jesse White
|
0-0: Ball 1-0: Foul Ball, location: 2F 1-1: Ball 2-1: Fly out, F5 (Popup, 5F, EV 75.0 MPH)
|
|
Batting: LHB Chad Cutler
|
0-0: Ball 1-0: Swinging Strike 1-1: Foul Ball, location: 2F 1-2: Fly out, F3 (Flyball, 3D, EV 87.5 MPH)
|
|
Batting: RHB Chase Briney
|
0-0: Called Strike 0-1: Swinging Strike 0-2: Strikes out swinging
|
| Bottom of the 1st over - 0 runs, 2 hits, 0 errors, 2 left on base; Altoona 2 - San Antonio 0 |
| TOP OF THE 2ND |
|
Altoona Curve batting - Pitching for San Antonio Missions : RHP John Mason
|
|
Batting: RHB Tim Moore
|
0-0: Called Strike 0-1: Ball 1-1: Ground out 1-3 (Groundball, 13, EV 64.4 MPH)
|
|
Batting: RHB Chris McCoy
|
0-0: Ball 1-0: Ball 2-0: Foul Ball, location: 2F 2-1: Ground out 4-3 (Groundball, 34, EV 102.5 MPH)
|
|
Batting: LHB Donald Imre
|
0-0: Ground out 6-3 (Groundball, 6, EV 79.4 MPH)
|
| Top of the 2nd over - 0 runs, 0 hits, 0 errors, 0 left on base; Altoona 2 - San Antonio 0 |
| BOTTOM OF THE 2ND |
|
San Antonio Missions batting - Pitching for Altoona Curve : RHP Jeff Crescimanno
|
|
Batting: RHB Caleb Russell
|
0-0: Called Strike 0-1: Ball 1-1: Called Strike 1-2: Ball 2-2: SINGLE (Groundball, 56, EV 108.1 MPH) (infield hit)
|
|
Batting: SHB Isaiah Scates
|
0-0: Ball 1-0: Swinging Strike 1-1: Foul Ball, location: 2F 1-2: Strikes out swinging
|
|
Batting: RHB Jaden Scott
|
0-0: Called Strike 0-1: Ball Caleb Russell steals 2nd base 1-1: Foul Ball, location: 2F 1-2: Ball 2-2: Strikes out swinging
|
|
Batting: RHB Mike MacLeod
|
0-0: Ball 1-0: Ground out 1-3 (Groundball, P, EV 70.0 MPH)
|
| Bottom of the 2nd over - 0 runs, 1 hit, 0 errors, 1 left on base; Altoona 2 - San Antonio 0 |
| TOP OF THE 3RD |
|
Altoona Curve batting - Pitching for San Antonio Missions : RHP John Mason
|
|
Batting: RHB Joe Young
|
0-0: Called Strike 0-1: Foul Ball, location: 2F 0-2: Foul Ball, location: 2F 0-2: Ground out 5-3 (Groundball, 56S, EV 87.5 MPH)
|
|
Batting: RHB Terrence Wilson
|
0-0: Foul Ball, location: 2F 0-1: Called Strike 0-2: Foul Ball, location: 2F 0-2: Ball 1-2: Strikes out looking
|
|
Batting: RHB Jaime Dubicki
|
0-0: Ball 1-0: Ball 2-0: Ball 3-0: Called Strike 3-1: Base on Balls
|
|
Batting: LHB Carlos Vega
|
0-0: Ground out U3 (Groundball, 3, EV 80.6 MPH)
|
| Top of the 3rd over - 0 runs, 0 hits, 0 errors, 1 left on base; Altoona 2 - San Antonio 0 |
| BOTTOM OF THE 3RD |
|
San Antonio Missions batting - Pitching for Altoona Curve : RHP Jeff Crescimanno
|
|
Batting: LHB Pat Aviles
|
0-0: Ball 1-0: Called Strike 1-1: Fly out, F7 (Flyball, 7, EV 76.9 MPH)
|
|
Batting: RHB Kory Sanchez
|
0-0: Ball 1-0: Ball 2-0: Ball 3-0: Called Strike 3-1: Base on Balls
|
|
Batting: RHB Jesse White
|
0-0: Ball 1-0: Foul Ball, location: 2F Pickoff Throw to First - Out! 1-3 1-1: Ball 2-1: Called Strike 2-2: Foul Ball, location: 2F 2-2: SINGLE (Line Drive, 6M, EV 97.5 MPH)
|
|
Batting: LHB Chad Cutler
|
0-0: Ball 1-0: Fly out, F1 (Line Drive, P, EV 66.2 MPH)
|
| Bottom of the 3rd over - 0 runs, 1 hit, 0 errors, 1 left on base; Altoona 2 - San Antonio 0 |
| TOP OF THE 4TH |
|
Altoona Curve batting - Pitching for San Antonio Missions : RHP John Mason
|
|
Batting: RHB Jeff Edwards
|
0-0: Ball 1-0: Swinging Strike 1-1: Fly out, F8 (Flyball, 8LM, EV 93.8 MPH)
|
|
Batting: SHB Ronnie Brooks
|
0-0: Foul Ball, location: 2F 0-1: Foul Ball, location: 2F 0-2: Ball 1-2: Foul Ball, location: 2F 1-2: Ground out U3 (Groundball, 34S, EV 83.8 MPH)
|
|
Batting: RHB Tim Moore
|
0-0: Ball 1-0: Fly out, F9 (Line Drive, 9, EV 85.6 MPH)
|
| Top of the 4th over - 0 runs, 0 hits, 0 errors, 0 left on base; Altoona 2 - San Antonio 0 |
| BOTTOM OF THE 4TH |
|
San Antonio Missions batting - Pitching for Altoona Curve : RHP Jeff Crescimanno
|
|
Batting: RHB Chase Briney
|
0-0: Ball 1-0: Ball 2-0: Ball 3-0: Called Strike 3-1: Base on Balls
|
|
Batting: RHB Caleb Russell
|
0-0: Ball 1-0: Called Strike 1-1: Ball 2-1: Called Strike 2-2: Strikes out looking
|
|
Batting: SHB Isaiah Scates
|
0-0: Ball 1-0: DOUBLE (Line Drive, 7LD, EV 99.4 MPH) Chase Briney to third Runner from 3rd tries for Home, SAFE, no throw by LF
|
|
Batting: RHB Jaden Scott
|
0-0: Ball 1-0: Called Strike 1-1: Ball 2-1: Called Strike 2-2: Foul Ball, location: 2F 2-2: Ball Wild Pitch! Isaiah Scates to third 3-2: Strikes out swinging
|
|
Batting: RHB Mike MacLeod
|
0-0: Foul Ball, location: 2F 0-1: Foul Ball, location: 2F 0-2: DOUBLE (Line Drive, 9LM, EV 101.9 MPH) Isaiah Scates scores
|
|
Batting: LHB Pat Aviles
|
0-0: Ball 1-0: Ball 2-0: Ball 3-0: Ground out 3-1 (Groundball, 34, EV 93.8 MPH)
|
| Bottom of the 4th over - 2 runs, 2 hits, 0 errors, 1 left on base; Altoona 2 - San Antonio 2 |
| TOP OF THE 5TH |
|
Altoona Curve batting - Pitching for San Antonio Missions : RHP John Mason
|
|
Batting: RHB Chris McCoy
|
0-0: Ball 1-0: Called Strike 1-1: Ground out U3 (Groundball, 34, EV 85.6 MPH)
|
|
Batting: LHB Donald Imre
|
0-0: Ball 1-0: Fly out, F5 (Popup, 5F, EV 60.6 MPH)
|
|
Batting: RHB Joe Young
|
0-0: Called Strike 0-1: Fly out, F9 (Flyball, 9S, EV 91.9 MPH)
|
| Top of the 5th over - 0 runs, 0 hits, 0 errors, 0 left on base; Altoona 2 - San Antonio 2 |
| BOTTOM OF THE 5TH |
|
San Antonio Missions batting - Pitching for Altoona Curve : RHP Jeff Crescimanno
|
|
Batting: RHB Kory Sanchez
|
0-0: Ball 1-0: DOUBLE (Line Drive, 89D, EV 106.2 MPH)
|
|
Batting: RHB Jesse White
|
0-0: Ball 1-0: Ground out 4-3 (Groundball, 4, EV 80.6 MPH) Kory Sanchez to third
|
|
Batting: LHB Chad Cutler
|
0-0: Called Strike 0-1: Swinging Strike 0-2: Strikes out swinging
|
|
Batting: RHB Chase Briney
|
0-0: Ball 1-0: Ball 2-0: Fly out, F9 (Line Drive, 89M, EV 94.4 MPH)
|
| Bottom of the 5th over - 0 runs, 1 hit, 0 errors, 1 left on base; Altoona 2 - San Antonio 2 |
| TOP OF THE 6TH |
|
Altoona Curve batting - Pitching for San Antonio Missions : RHP John Mason
|
|
Batting: RHB Terrence Wilson
|
0-0: Ball 1-0: SINGLE (Groundball, 6D, EV 97.5 MPH)
|
|
Batting: RHB Jaime Dubicki
|
0-0: Called Strike Terrence Wilson is caught stealing 2nd base 2-4 0-1: Foul Ball, location: 2F 0-2: Ball 1-2: Fly out, F9 (Flyball, 9, EV 87.5 MPH)
|
|
Batting: LHB Carlos Vega
|
0-0: Ball 1-0: Swinging Strike 1-1: Called Strike 1-2: SINGLE (Groundball, 4MD, EV 98.8 MPH)
|
|
Batting: RHB Jeff Edwards
|
0-0: Swinging Strike 0-1: Fly out, F7 (Flyball, 78M, EV 88.1 MPH)
|
| Top of the 6th over - 0 runs, 2 hits, 0 errors, 1 left on base; Altoona 2 - San Antonio 2 |
| BOTTOM OF THE 6TH |
|
San Antonio Missions batting - Pitching for Altoona Curve : RHP Jeff Crescimanno
|
|
Batting: RHB Caleb Russell
|
0-0: Ball 1-0: Called Strike 1-1: Swinging Strike 1-2: Strikes out swinging
|
|
Batting: SHB Isaiah Scates
|
0-0: Foul Ball, location: 2F 0-1: Swinging Strike 0-2: Strikes out swinging
|
|
Batting: RHB Jaden Scott
|
0-0: Ball 1-0: Foul Ball, location: 2F 1-1: Foul Ball, location: 2F 1-2: Strikes out swinging
|
| Bottom of the 6th over - 0 runs, 0 hits, 0 errors, 0 left on base; Altoona 2 - San Antonio 2 |
| TOP OF THE 7TH |
|
Altoona Curve batting - Pitching for San Antonio Missions : RHP John Mason
|
|
Batting: SHB Ronnie Brooks
|
0-0: Ball 1-0: Reached on error, E7 (Flyball, 7, EV 86.2 MPH)
|
|
Batting: RHB Tim Moore
|
0-0: Foul Ball, location: 2F 0-1: Ball 1-1: Foul Ball, location: 2F 1-2: Foul Ball, location: 2F 1-2: Fielders Choice at 2nd, 1-6 (Groundball, 34S, EV 68.8 MPH)
|
|
Batting: RHB Chris McCoy
|
0-0: Ball 1-0: Ball 2-0: Called Strike 2-1: Swinging Strike 2-2: Ball 3-2: Foul Ball, location: 2F 3-2: Fly out, F7 (Flyball, 7S, EV 89.4 MPH)
|
|
Batting: LHB Donald Imre
|
0-0: Called Strike 0-1: Ball 1-1: Ball 2-1: Fly out, F8 (Line Drive, 78M, EV 90.6 MPH)
|
| Top of the 7th over - 0 runs, 0 hits, 1 error, 1 left on base; Altoona 2 - San Antonio 2 |
| BOTTOM OF THE 7TH |
|
San Antonio Missions batting - Pitching for Altoona Curve : RHP Jeff Crescimanno
|
|
Batting: RHB Mike MacLeod
|
0-0: Foul Ball, location: 2F 0-1: Foul Ball, location: 2F 0-2: Foul Ball, location: 2F 0-2: Ball 1-2: Strikes out swinging
|
|
Batting: LHB Pat Aviles
|
0-0: Ball 1-0: Ball 2-0: Called Strike 2-1: Ball 3-1: Foul Ball, location: 2F 3-2: Base on Balls
|
|
Pitching: RHP Fred McIlrath
|
|
|
Batting: RHB Kory Sanchez
|
0-0: Ball Pat Aviles steals 2nd base 1-0: Foul Ball, location: 2F 1-1: Ball 2-1: Ground out 4-3 (Groundball, 4, EV 91.2 MPH) Pat Aviles to third
|
|
Batting: RHB Jesse White
|
0-0: Called Strike 0-1: Ball 1-1: Called Strike 1-2: Strikes out swinging
|
| Bottom of the 7th over - 0 runs, 0 hits, 0 errors, 1 left on base; Altoona 2 - San Antonio 2 |
| TOP OF THE 8TH |
|
Altoona Curve batting - Pitching for San Antonio Missions : RHP John Mason
|
|
Batting: RHB Joe Young
|
0-0: Called Strike 0-1: Ball 1-1: Fly out, F8 (Line Drive, 8LS, EV 90.0 MPH)
|
|
Batting: RHB Terrence Wilson
|
0-0: Foul Ball, location: 2F 0-1: Foul Ball, location: 2F 0-2: Ball 1-2: Ground out 3-1 (Groundball, 34S, EV 86.2 MPH)
|
|
Batting: RHB Jaime Dubicki
|
0-0: Foul Ball, location: 2F 0-1: Called Strike 0-2: Foul Ball, location: 2F 0-2: Foul Ball, location: 2F 0-2: Ball 1-2: Ball 2-2: SINGLE (Groundball, 56D, EV 98.8 MPH)
|
|
Pitching: RHP Alex Romero
|
|
|
Batting: LHB Carlos Vega
|
0-0: Called Strike 0-1: Ground out 4-3 (Groundball, 4, EV 88.8 MPH)
|
| Top of the 8th over - 0 runs, 1 hit, 0 errors, 1 left on base; Altoona 2 - San Antonio 2 |
| BOTTOM OF THE 8TH |
|
San Antonio Missions batting - Pitching for Altoona Curve : RHP Fred McIlrath
|
|
Batting: LHB Chad Cutler
|
0-0: Ball 1-0: Fly out, F9 (Flyball, 9D, EV 108.8 MPH)
|
|
Batting: RHB Chase Briney
|
0-0: Called Strike 0-1: Ball 1-1: Ball 2-1: Ground out U3 (Groundball, 34S, EV 84.4 MPH)
|
|
Batting: RHB Caleb Russell
|
0-0: Called Strike 0-1: Ball 1-1: Ball 2-1: Ball 3-1: Called Strike 3-2: SINGLE (Line Drive, 8RS, EV 87.5 MPH)
|
|
Batting: SHB Isaiah Scates
|
0-0: Called Strike Pickoff Throw to First - Out! 1-3
|
| Bottom of the 8th over - 0 runs, 1 hit, 0 errors, 0 left on base; Altoona 2 - San Antonio 2 |
| TOP OF THE 9TH |
|
Altoona Curve batting - Pitching for San Antonio Missions : RHP Alex Romero
|
|
Batting: RHB Jeff Edwards
|
0-0: Ball 1-0: Ball 2-0: Called Strike 2-1: Swinging Strike 2-2: Strikes out swinging
|
|
Batting: SHB Ronnie Brooks
|
0-0: SINGLE (Line Drive, 34D, EV 101.9 MPH)
|
|
Batting: RHB Tim Moore
|
0-0: Called Strike 0-1: Ball 1-1: Foul Ball, location: 2F 1-2: Reached on error, E2 (Groundball, 15S, EV 66.9 MPH) Ronnie Brooks to third
|
|
Batting: RHB Chris McCoy
|
0-0: Ball 1-0: SINGLE (Groundball, 34, EV 104.4 MPH) Ronnie Brooks scores Tim Moore to third Runner from 3rd tries for Home, SAFE, throw by RF to home
|
|
Batting: LHB Donald Imre
|
0-0: Ball Chris McCoy steals 2nd base 1-0: Intentional Walk
|
|
Batting: RHB Joe Young
|
0-0: Fielders Choice at 2nd, 5-4 (Groundball, 5, EV 93.8 MPH) Chris McCoy to third
|
|
Batting: RHB Terrence Wilson
|
0-0: Called Strike 0-1: SINGLE (Groundball, 4MD, EV 97.5 MPH) Chris McCoy scores Joe Young to second
|
|
Batting: RHB Jaime Dubicki
|
0-0: SINGLE (Line Drive, 34D, EV 103.1 MPH) Joe Young to third Terrence Wilson to second
|
|
Batting: LHB Carlos Vega
|
0-0: Foul Ball, location: 2F 0-1: Ball 1-1: Ground out 4-3 (Groundball, 4, EV 83.8 MPH)
|
| Top of the 9th over - 3 runs, 4 hits, 1 error, 3 left on base; Altoona 5 - San Antonio 2 |
| BOTTOM OF THE 9TH |
|
San Antonio Missions batting - Pitching for Altoona Curve : RHP Fred McIlrath
|
|
Pitching: RHP Serguei Rudakovsky
|
|
|
Batting: SHB Isaiah Scates
|
0-0: Called Strike 0-1: Ball 1-1: Called Strike 1-2: Strikes out swinging
|
|
Batting: RHB Jaden Scott
|
0-0: Swinging Strike 0-1: Ball 1-1: SOLO HOME RUN (Flyball, 7LD, EV 92.5 MPH), Distance : 327 ft
|
|
Batting: RHB Mike MacLeod
|
0-0: Ball 1-0: Swinging Strike 1-1: Foul Ball, location: 2F 1-2: Ball 2-2: Ball 3-2: Strikes out swinging
|
|
Batting: LHB Pat Aviles
|
0-0: Ball 1-0: Ground out U3 (Groundball, 3S, EV 90.6 MPH)
|
| Bottom of the 9th over - 1 run, 1 hit, 0 errors, 0 left on base; Altoona 5 - San Antonio 3 |
|